 Dungeon Crawl Stone Soup version 0.20.1-1-g8b1a95d (webtiles) character file.

93 jmlagarto the Ruffian (level 4, -7/38 (40) HPs)
             Began as a Ghoul Monk on Sept 13, 2017.
             Mangled by Crazy Yiuf
             ... wielding a +3 quarterstaff of chaos
              (12 damage)
             ... on level 2 of the Dungeon.
             The game lasted 00:03:07 (2267 turns).

jmlagarto the Ruffian (Ghoul Monk)                  Turns: 2267, Time: 00:03:08

HP:   -7/38 (40)    AC:  2    Str: 14    XL:     4   Next: 61%
MP:   3/3           EV: 13    Int:  5    God:
Gold: 67            SH:  0    Dex: 12    Spells: 3/3 levels left

rFire    . . .     SeeInvis .     - Unarmed
rCold    + . .     Gourm    .   (no shield)
rNeg     + + +     Faith    .   a - +0 robe
rPois    ∞         Spirit   .   (no helmet)
rElec    .         Reflect  .   (no cloak)
rCorr    .         Harm     .   (no gloves)
MR       .....                  (no boots)
Stlth    ++........             (no amulet)
Regen    0.0/turn               (no ring)
MPRegen  0.1/turn               (no ring)

@: rotting
A: rotting body, claws 1, carnivore 3, cold resistance 1, negative energy
resistance 3, inhibited regeneration, torment resistance, unbreathing
a: no special abilities


You were on level 2 of the Dungeon.
You were not hungry.

You visited 1 branch of the dungeon, and saw 2 of its levels.

You collected 67 gold pieces.

Inventory:

Armour
 a - a +0 robe (worn)
Scrolls
 b - a scroll of remove curse {unknown}
 c - a scroll of magic mapping {unknown}
 d - a scroll of teleportation {unknown}
 e - a scroll of identify {unknown}
 f - a scroll of random uselessness {unknown}
Potions
 g - a potion of lignification {unknown}


   Skills:
 + Level 3.8 Fighting
 + Level 3.1 Dodging
 + Level 2.9 Stealth
 + Level 4.6 Unarmed Combat


You had 3 spell levels left.
You didn't know any spells.

Dungeon Overview and Level Annotations

Branches:
Dungeon (2/15)

Altars:

Annotations:
D:2 Crazy Yiuf


Innate Abilities, Weirdness & Mutations

Your body is rotting away.
You thrive on raw meat.
You are immune to poison.
You have sharp fingernails.
You are carnivorous and can eat meat at any time.
Your flesh is cold resistant. (rC+)
You are immune to negative energy. (rN+++)
You do not regenerate when monsters are visible.
You are immune to unholy pain and torment.
You can survive without breathing.


Message History

Crazy Yiuf hits you with a quarterstaff of chaos!
Crazy Yiuf freezes you.
You barely miss Crazy Yiuf.
Crazy Yiuf is moderately wounded.
Crazy Yiuf hits you with a quarterstaff of chaos!
Crazy Yiuf burns you.
You are too injured to fight recklessly!
You are too injured to fight recklessly!
You are too injured to fight recklessly!
You are too injured to fight recklessly!
You scratch Crazy Yiuf.
Crazy Yiuf is severely wounded.
Crazy Yiuf hits you with a quarterstaff of chaos!
* * * LOW HITPOINT WARNING * * *
You blink.
There is an open door here.
You scratch Crazy Yiuf.
Crazy Yiuf is almost dead.
Crazy Yiuf hits you with a quarterstaff of chaos!
You die...

#.##...........#.............###
#.#...)#########...............)
##'#....# #.........###....
..(.....#### #############....
....#+#....# #......
....#.#.#### ♣♣♣♣♣####....
....#....###
#####♣♣♣.♣.P.###....
....#......#
#...#♣..♣..P...#....
....##...###
#.g@'.♣♣♣♣P.........
.......>...# #)..#♣♣ ♣♣..#......
...###...### ##### ♣♣##....(^
.........# #...... .........#
#...... ......†..#
############### .......(.#
#.....#...# .........#
#.....#...# ......########
#.....#...#


You could see Crazy Yiuf.

Vanquished Creatures
  2 adders (D:2)
  A gnoll (D:1)
  A worm (D:2)
  2 dart slugs (D:1)
  2 leopard geckos (D:1)
  2 giant cockroaches (D:2)
  11 goblins
  9 hobgoblins
  5 jackals (D:1)
  6 kobolds
  A quokka (D:2)
  2 bats
  4 frilled lizards
  5 rats
  A fungus (D:2)
54 creatures vanquished.

Vanquished Creatures (others)
  A kobold (D:1)
1 creature vanquished.

Grand Total: 55 creatures vanquished

Notes
Turn   | Place    | Note
-------+----------+-------------------------------------------
     0 | D:1      | jmlagarto the Ghoul Monk began the quest for the Orb.
     0 | D:1      | Reached XP level 1. HP: 19/19 MP: 0/0
   280 | D:1      | Reached XP level 2. HP: 23/26 MP: 1/1
   599 | D:1      | Reached XP level 3. HP: 13/31 MP: 2/2
   789 | D:1      | Reached skill level 4 in Unarmed Combat
  1461 | D:2      | Reached XP level 4. HP: 40/40 MP: 3/3
  2254 | D:2      | Found a runed door.
  2258 | D:2      | Noticed Crazy Yiuf
  2267 | D:2      | Mangled by Crazy Yiuf

Skill      XL: |  1  2  3 |
---------------+----------+-----
Unarmed Combat | 4 |  4.6
Dodging        | 3 |  3.1
Fighting       | |  3.8
Stealth        | |  2.9

Action                   |  1- 3 |  4- 6 || total
-------------------------+-------+-------++-------
Melee: Unarmed           |   104 |    59 ||   163
       Punch             |     1 |     2 ||     3
 Stab: Sleeping          |     7 |     3 ||    10
  Eat: Chunk             |    12 |     4 ||    16
       Meat ration       |     1 |     1 ||     2
Armor: Robe              |    16 |     6 ||    22
Dodge: Dodged            |    68 |    20 ||    88
